 Dungeon Crawl Stone Soup version 0.28-a0-750-g7c675f85b1 (webtiles) character file.

Game seed: 13896527262203553981

112 Gwenloh the Sneak (level 4, -2/27 HPs)
             Began as an Octopode Hedge Wizard on Oct 29, 2021.
             Slain by a scorpion (8 damage)
             ... on level 4 of the Dungeon.
             The game lasted 00:09:09 (3986 turns).

Gwenloh the Sneak (Octopode Hedge Wizard)           Turns: 3986, Time: 00:09:10

Health: -2/27      AC:  1    Str:  9    XL:     4   Next: 93%
Magic:  1/9        EV: 13    Int: 17    God:
Gold:   144        SH:  0    Dex: 11    Spells: 6/10 levels left

rFire   . . .      SeeInvis .   a - +0 dagger (flame)
rCold   . . .      Faith    .   (no shield)
rNeg    . . .      Spirit   .   b - +0 hat
rPois   .          Reflect  .   (no amulet)
rElec   .          Harm     .   (no ring)
rCorr   .          Rampage  .   (no ring)
Will    .....                   (no ring)
Stlth   +++.......              (no ring)
HPRegen 0.09/turn               (no ring)
MPRegen 0.11/turn               (no ring)
                                (no ring)
                                (no ring)

@: very slightly contaminated
A: almost no armour, amphibious, 8 rings, camouflage 1, gelatinous body 1,
(nimble swimmer 1), tentacles
a: no special abilities


You were on level 4 of the Dungeon.
You visited 1 branch of the dungeon, and saw 4 of its levels.

You collected 144 gold pieces.

Inventory:

Hand Weapons
 a - a +0 dagger of flaming (weapon)
 c - a +0 dagger
Armour
 b - a +0 hat (worn)
Scrolls
 f - a scroll of enchant weapon {unknown}
 i - 4 scrolls of identify {unknown}
 j - 2 scrolls of teleportation {unknown}
 m - a scroll of magic mapping {unknown}
Potions
 d - 2 potions of heal wounds {unknown}
 e - 2 potions of curing {unknown}
 g - a potion of magic {unknown}
 h - a potion of mutation {unknown}
 k - a potion of degeneration {unknown}
 l - a potion of attraction {unknown}


   Skills:
 - Level 2.0 Dodging
 + Level 4.1 Stealth
 + Level 3.6 Spellcasting
 * Level 3.3 Conjurations
 - Level 1.0 Summonings
 - Level 1.0 Translocations


You had 6 spell levels left.
You knew the following spells:

 Your Spells              Type           Power      Damage    Failure   Level
a - Magic Dart            Conj           56%        1d5       4%          1
b - Slow                  Hex            12%        N/A       17%         1
c - Blink                 Tloc           12%        N/A       17%         2

Your spell library contained the following spells:

 Spells                   Type           Power      Damage    Failure   Level
 Summon Small Mammal      Summ           24%        N/A       11%         1
 Call Imp                 Summ           6%         N/A       17%         2
 Conjure Flame            Conj/Fire      8%         6-21      26%         3
 Mephitic Cloud           Conj/Pois/Air  6%         N/A       30%         3
 Call Canine Familiar     Summ           6%         N/A       32%         3
 Summon Guardian Golem    Hex/Summ       4%         N/A       38%         3
 Ignite Poison            Fire/Tmut/Pois 3%         N/A       45%         3
 Freezing Cloud           Conj/Ice/Air   3%         6-21      96%         5


Dungeon Overview and Level Annotations

Branches:
Dungeon (4/15)
 Temple: D:4-7

Altars:
Trog

Shops:
D:3 *


Innate Abilities, Weirdness & Mutations

You cannot wear most types of armour.
You are amphibious.
You can wear up to eight rings at the same time.
Your skin changes colour to match your surroundings (Stealth+).
Your rubbery body absorbs attacks. (AC +1, EV +1)
((You are camouflaged near water. (Stealth+)))
You have tentacles for arms and can constrict up to eight enemies at once.


Message History

The scorpion is lightly wounded.
The magic dart hits the scorpion.
The scorpion is moderately wounded.
You hit the scorpion but do no damage. You grab the scorpion.
The scorpion is lightly wounded.
You constrict the scorpion, but do no damage.
The scorpion misses you.
You hit the scorpion but do no damage.
The scorpion is lightly wounded.
You constrict the scorpion. The scorpion stings you!
You are poisoned.
The scorpion poisons you! The scorpion stings you.
Casting: Magic Dart (safe; 4% risk of failure)
Confirm with . or Enter, or press ? or * to list all spells.
You blink.
You lose your grip on the scorpion.
You feel very sick.
You feel very sick.
You feel sick.
You feel sick.
You feel sick.
You feel sick.
You feel stable enough to blink again.
You feel sick.
You feel sick.
You feel sick.
You are no longer poisoned.
Casting: Blink (safe; 17% risk of failure)
Confirm with . or Enter, or press ? or * to list all spells.
You miscast Blink.
You are very lightly contaminated with residual magic.
Nothing appears to happen.
The scorpion misses you.
Casting: Blink (safe; 17% risk of failure)
Confirm with . or Enter, or press ? or * to list all spells.
You miscast Blink.
Nothing appears to happen.
The scorpion barely misses you.
Casting: Blink (safe; 17% risk of failure)
Confirm with . or Enter, or press ? or * to list all spells.
You don't have enough magic to cast this spell.
The scorpion barely misses you. The scorpion stings you!
You die...

#.........#
#.........#
#.........#
#.........#
###.........####
..'.........>..#
###.........##.#
#
####'#######.####
# #.# #..@.# #
#.# ####s### .#
#.# #...# .# #.#
###.# .# #.# #.#
.# #.# #.# .. #.#
#.# . #.# #.#


You could see a scorpion.

Vanquished Creatures
  Natasha (D:4)
  2 adders
  A worm (D:2)
  A dart slug (D:4)
  2 orcs
  4 bats
  4 endoplasms
  5 giant cockroaches
  8 goblins
  4 hobgoblins
  4 jackals
  6 kobolds
  A quokka (D:2)
  7 ball pythons
  4 frilled lizards
  7 rats
61 creatures vanquished.

Notes
Turn   | Place    | Note
-------+----------+-------------------------------------------
     0 | D:1      | Gwenloh the Octopode Hedge Wizard began the quest for the
                  | Orb.
     0 | D:1      | Reached XP level 1. HP: 11/11 MP: 4/4
     2 | D:1      | Learned a level 1 spell: Slow
   371 | D:1      | Reached skill level 3 in Stealth
   371 | D:1      | Reached XP level 2. HP: 17/17 MP: 1/6
  1021 | D:1      | Reached XP level 3. HP: 21/21 MP: 2/7
  1196 | D:2      | Learned a level 2 spell: Blink
  1914 | D:2      | Found a faded altar of an unknown god.
  2259 | D:3      | Reached XP level 4. HP: 17/27 MP: 3/9
  2592 | D:3      | Found a bloodstained altar of Trog.
  2756 | D:3      | Found Zeceegec's Assorted Antiques.
  3373 | D:4      | Noticed Natasha
  3380 | D:4      | Killed Natasha
  3381 | D:4      | Reached skill level 4 in Stealth
  3949 | D:4      | Noticed a scorpion
  3986 | D:4      | Slain by a scorpion

Illustrated notes

Levels and vault maps discovered:
D:1:      shiori_arrival_oz, layout_basic, serial_aquarium,
          aquarium_bridge_straight [aquarium_subvault_bridge,
          aquarium_subvault_balcony, aquarium_subvault_bridge,
          aquarium_subvault_window], aquarium_window_1, aquarium_window_fake,
          aquarium_window_fake, aquarium_view_2e, aquarium_view_2c
D:2:      wad_pebble_path, layout_rooms, hellmonk_ecumenical_altar_leap_of_faith
D:3:      layout_loops_ring, amcnicky_altar_gilded, serial_shops,
          nicolae_shop_statue_plus, serial_park_tiny_2, hex_medium,
          kennysheep_generic_room_14
D:4:      layout_basic, minmay_temple_entry_statues_pillars, uniq_natasha

Skill      XL: |  1  2  3  4 |
---------------+-------------+-----
Stealth        | 3 4 |  4.1
Conjurations   | 2 3 |  3.3
Dodging        | |  2.0
Spellcasting   | |  3.6
Summonings     | |  1.0
Translocations | |  1.0

Action                   |  1- 3 |  4- 6 || total
-------------------------+-------+-------++-------
Melee: Dagger            |    28 |    14 ||    42
       Tentacles         |     6 |     2 ||     8
       Constrict         |     3 |     4 ||     7
 Cast: Magic Dart        |    93 |    52 ||   145
       Slow              |       |     1 ||     1
       Blink             |       |     1 ||     1
Armor: Skin              |     1 |     1 ||     2
Dodge: Dodged            |    17 |    12 ||    29

Table legend: (Time is in decaauts)
 A = Elapsed time spent in this place.
 B = Non-inter-level travel time spent in this place.
 C = Inter-level travel time spent in this place.
 D = Time resting spent in this place.
 E = Time spent auto-exploring this place.
 F = Levels seen in this place.
 G = Mean time per level.
                   A        B        C        D        E       F      G
               +--------+--------+--------+--------+--------+-----+--------+
         Total |   3993 |   3931 |     62 |    407 |   3082 |   4 |  998.2 |
       Dungeon |   3993 |   3931 |     62 |    407 |   3082 |   4 |  998.2 |
               +--------+--------+--------+--------+--------+-----+--------+

Top non-repeatable levels by time:
     D:1: 1167 daAuts
     D:3: 1084 daAuts
     D:2: 1071 daAuts
     D:4: 669 daAuts
